 Dungeon Sprint DCSS version 0.30-a0-824-g6c64550be9 (webtiles) character file.

Game seed: 15671266437217546753

827 BigDaddyOpFi the Grappler (level 10, -12/160 HPs)
             Began as a Troll Fighter on Feb 27, 2023.
             Was a High Priest of Wu Jian.
             Mangled by a culicivora (19 damage)
             ... in the Dungeon (Sprint VI: "Thunderdome").
             The game lasted 00:06:29 (943 turns).

BigDaddyOpFi the Grappler (Troll Fighter)            Turns: 943, Time: 00:06:29

Health: -12/160    AC:  4    Str: 34    XL:     10   Next: 94%
Magic:  0/16       EV: 11    Int:  8    God:    Wu Jian [*****.]
Gold:   302        SH: 10    Dex:  8    Spells: 19/19 levels left

rFire   + . .      SeeInvis .      - Unarmed
rCold   + + .      Faith    .    b - +0 kite shield
rNeg    . . .      Spirit   +    d - +0 robe of Restlessness {rC+}
rPois   +          Reflect  .    (helmet restricted)
rElec   .          Harm     .    (no cloak)
rCorr   .          Rampage  .    (gloves unavailable)
Will    +....      Rage     3%   (boots unavailable) Stlth NoTele +
                                 p - amulet of the Heavens {Spirit Stlth+}
HPRegen 1.26/turn                n - ring "Giphar" {rF+ rC+ Str+2 Stlth+}
MPRegen 0.15/turn                o - ring "Fephux" {rPois Will+ Int+3}

@: berserking, exhausted, slightly contaminated, unable to read, very quick
A: large, unfitting armour, claws 3, regeneration 1, shaggy fur 1, tough skin 1,
berserk 1, strong 1, inability to read after injury 1, MP-powered wands
}: 1/15 runes: serpentine
a: Renounce Religion, Wall Jump, Serpent's Lash, Heavenly Storm


You were in the Dungeon.
You worshipped Wu Jian.
Wu Jian was extremely pleased with you.
You visited 1 branch You collected 1150 gold pieces.
You spent 848 gold pieces at shops.

Inventory:

Armour
 a - a +0 robe
 b - a +0 kite shield (worn)
 d - the +0 robe of Restlessness (worn) {rC+}
   (You bought it in a shop in the Dungeon)

   rC:        It protects you from cold.
 e - the +1 robe "Wutwuev" {rPois Dex-5 SInv}
   (You found it in the Dungeon)

   Dex:       It affects your dexterity (-5).
   rPois:     It protects you from poison.
   SInv:      It lets you see invisible.
Jewellery
 c - the amulet "Suid" {Harm Regen+ Int-5 Dex+4}
   (You bought it in a shop in the Dungeon)

   [amulet of regeneration]

   Int:       It affects your intelligence (-5).
   Dex:       It affects your dexterity (+4).
   Regen:     It increases your rate of health regeneration.
   Harm:      It increases damage dealt and taken.
 n - the ring "Giphar" (left claw) {rF+ rC+ Str+2 Stlth+}
   (You bought it in a shop in the Dungeon)

   [ring of protection from cold]

   Str:       It affects your strength (+2).
   rF:        It protects you from fire.
   rC:        It protects you from cold.
   Stlth:     It makes you more stealthy.
 o - the ring "Fephux" (right claw) {rPois Will+ Int+3}
   (You bought it in a shop in the Dungeon)

   [ring of poison resistance]

   Int:       It affects your intelligence (+3).
   rPois:     It protects you from poison.
   Will:      It increases your willpower.
 p - the amulet of the Heavens (around neck) {Spirit Stlth+}
   (You bought it in a shop in the Dungeon)

   [amulet of guardian spirit]

   It causes incoming damage to be divided between your reserves of health and
   magic.
   Stlth:     It makes you more stealthy.
Wands
 l - a wand of roots (5)
Scrolls
 i - 2 scrolls of blinking
 m - 3 scrolls of fog
Potions
 f - 2 potions of haste
 g - 2 potions of magic


   Skills:
 + Level 9.5 Fighting
 + Level 9.4 Dodging
 + Level 10.3 Shields
 + Level 11.0 Unarmed Combat
 * Level 5.1 Spellcasting
 * Level 5.7 Transmutations
 * Level 6.8 Earth Magic


You had 19 spell levels left.
You didn't know any spells.
Your spell library contained the following spells:

 Spells                   Type           Power      Damage    Failure   Level
 Lee's Rapid Deconstruct  Erth           6%         3d6*      61%         5
 Leda's Liquefaction      Hex/Erth       3%         N/A       75%         4
 Statue Form              Tmut/Erth      8%         N/A       99%         6


Dungeon Overview and Level Annotations

Branches:
Dungeon (1/1)

Altars:
Cheibriados
Dithmenos
Fedhas
Gozag
Kikubaaqudgha
Makhleb
Okawaru
Qazlal
Ru
Sif Muna
Trog
Uskayaw
Vehumet
Wu Jian
Xom
Yredelemnul
Zin
The Shining One
Lugonu

Shops:
D *[??*?*:[((!!!!


Innate Abilities, Weirdness & Mutations

You are too large for most types of armour.
You have claws for hands.
Your natural rate of healing is unusually fast.
You are covered in fur. (AC +1)
You have tough skin. (AC +1)
You sometimes lose your temper in combat.
Your muscles are strong. (Str +4, Int/Dex -1)
You occasionally lose the ability to read scrolls when taking damage.
You expend magic power (3 MP) to strengthen your wands.


Message History

You kill the radroach!
The Council accepts your kill.
Your Unarmed Combat skill increases to level 11!
Your Spellcasting skill increases to level 5!
You lunge at the culicivora.
You mangle the culicivora!!
The culicivora is heavily wounded.
The culicivora bites you!
* * * LOW HITPOINT WARNING * * *
The culicivora draws strength from your injuries!
You see here a radroach corpse.
You barely miss the culicivora.
The culicivora is moderately wounded.
The culicivora barely misses you. The culicivora bites you.
* * * LOW HITPOINT WARNING * * *
The culicivora draws strength from your injuries!
You feel much better. The culicivora bites you!
* * * LOW HITPOINT WARNING * * *
The culicivora draws strength from your injuries!
Okay, then.
You claw the culicivora!
The culicivora is severely wounded.
The culicivora barely misses you. The culicivora bites you!
* * * LOW HITPOINT WARNING * * *
The culicivora draws strength from your injuries!
You scratch the culicivora.
The culicivora is heavily wounded.
You block the culicivora's attack.
Okay, then.
You cannot read scrolls in your current state!
Okay, then.
You spin and attack the culicivora.
You closely miss the culicivora.
The culicivora is heavily wounded.
You block the culicivora's attack.
Okay, then.
A red film seems to cover your vision as you go berserk!
You feel yourself moving faster!
You feel mighty! The culicivora bites you!
* * * LOW HITPOINT WARNING * * *
The culicivora draws strength from your injuries!
The culicivora bites you!!
You die...

#_......._# ###.........###
#⌠...........⌠#
######.8.........8.#####
##.___÷.....###........_∩
###∩........8.# #.8........
##.....†.......###[.........
#⌠..........###...###.......
#⌠......†.†@# #.<.# #.......
#⌠........s.###...###.......
##...........).###..........
###∩........8.# #.8........
##∩___......###......___∩
######.8.........8.#####
#⌠...........⌠#
###.........### #_......._#


You could see a culicivora.

Vanquished Creatures
  An anaconda (D)
  A radroach (D)
  2 pharaoh ants (D)
  A mana viper (D)
  A shining eye (D)
  A torpor snail (D)
  2 fire bats (D)
  A redback (D)
  3 hell hounds (D)
  A water moccasin (D)
  2 floating eyes (D)
  5 scorpions (D)
  4 jellies (D)
  3 gnoll boudas (D)
  A hound (D)
  2 adders (D)
  2 gnolls (D)
  2 ball pythons (D)
35 creatures vanquished.

Notes
Turn   | Place    | Note
-------+----------+-------------------------------------------
     0 | D        | BigDaddyOpFi the Troll Fighter began the quest for the Orb.
     0 | D        | Reached XP level 1. HP: 22/22 MP: 0/0
     3 | D        | Found a bloodstained altar of Trog.
     3 | D        | Found a blossoming altar of Fedhas.
     4 | D        | Found a shimmering altar of Xom.
     4 | D        | Found a burning altar of Makhleb.
     5 | D        | Found a corrupted altar of Lugonu.
     5 | D        | Found a snail-covered altar of Cheibriados.
     5 | D        | Round 1.
     6 | D        | Found a glowing silver altar of Zin.
     6 | D        | Found an ornate altar of the Wu Jian Council.
     6 | D        | Found Famycoa's Identification Station.
     7 | D        | Noticed a scorpion
     7 | D        | Found Ninkuvedd's Jewellery.
     7 | D        | Found Xunnus's Advanced Armour.
     8 | D        | Found an opulent altar of Gozag.
     9 | D        | Noticed a scorpion
    16 | D        | Killed a scorpion
    17 | D        | Reached skill level 4 in Unarmed Combat
    17 | D        | Reached XP level 2. HP: 31/32 MP: 1/1
    17 | D        | Reached XP level 3. HP: 38/39 MP: 2/2
    17 | D        | Killed a scorpion
    18 | D        | Reached skill level 5 in Shields
    18 | D        | Reached skill level 5 in Unarmed Combat
    18 | D        | Reached XP level 4. HP: 49/49 MP: 3/3
    21 | D        | Bought a clouded jade amulet for 45 gold pieces
    21 | D        | Identified the amulet "Suid" {Harm Regen+ Int-5 Dex+4} (You
                  | bought it in a shop in the Dungeon)
    21 | D        | Bought a clouded copper ring for 45 gold pieces
    21 | D        | Identified the ring "Giphar" {rF+ rC+ Str+2 Stlth+} (You
                  | bought it in a shop in the Dungeon)
    21 | D        | Bought an ancient steel ring for 45 gold pieces
    21 | D        | Identified the ring "Fephux" {rPois Will+ Int+3} (You
                  | bought it in a shop in the Dungeon)
    26 | D        | Lost intelligence.
    31 | D        | Bought a fine sapphire amulet for 45 gold pieces
    31 | D        | Identified the amulet of the Heavens {Spirit Stlth+} (You
                  | bought it in a shop in the Dungeon)
    37 | D        | Noticed a redback
    44 | D        | Killed a redback
    45 | D        | Reached skill level 5 in Fighting
    45 | D        | Reached skill level 5 in Dodging
    45 | D        | Reached skill level 6 in Unarmed Combat
    45 | D        | Reached XP level 5. HP: 36/58 MP: 1/4
    73 | D        | Became a worshipper of the Wu Jian Council
    75 | D        | Found a basalt altar of Yredelemnul.
   103 | D        | Reached XP level 6. HP: 67/67 MP: 5/5
   134 | D        | Reached skill level 7 in Unarmed Combat
   134 | D        | Found Puwnemmuce's Premium Goods.
   134 | D        | Found Ways Pur's Miscellaneous Merchandise.
   151 | D        | Found Matwei Jekih's Basic Armour.
   152 | D        | Found a shimmering blue altar of Sif Muna.
   152 | D        | Found a glowing golden altar of the Shining One.
   152 | D        | Found a hide-covered altar of Uskayaw.
   152 | D        | Found Pyummaggai's Weapon Rack.
   157 | D        | Reached * piety under Wu Jian
   157 | D        | Arena points: 14 (+14) [x2]
   206 | D        | Round 2.
   211 | D        | Noticed a water moccasin
   221 | D        | Killed a water moccasin
   222 | D        | Reached XP level 7. HP: 57/76 MP: 4/6
   241 | D        | Reached ** piety under Wu Jian
   273 | D        | Found a shadowy altar of Dithmenos.
   275 | D        | Arena points: 50 (+36) [x3]
   279 | D        | Found an ancient bone altar of Kikubaaqudgha.
   281 | D        | Found Zariekla's Do-It-Yourself Clinic.
   281 | D        | Found Hixumuyla's Bottled Wisdom.
   282 | D        | Found Wiytulyr's Distillery.
   284 | D        | Found a stormy altar of Qazlal.
   284 | D        | Found Wouca's Distillery.
   290 | D        | Round 3.
   294 | D        | Found a radiant altar of Vehumet.
   296 | D        | Found a sacrificial altar of Ru.
   297 | D        | Found an iron altar of Okawaru.
   298 | D        | Found Pabin's Staff Store.
   298 | D        | Found Huadghur's Magic Scroll Shop.
   315 | D        | Reached *** piety under Wu Jian
   316 | D        | Reached skill level 8 in Unarmed Combat
   338 | D        | Arena points: 134 (+84) [x4]
   348 | D        | Found Tesaekarr's Must-Have Magic.
   348 | D        | Found Wocwoow's Magic Scroll Shop.
   370 | D        | Round 4.
   383 | D        | Reached **** piety under Wu Jian
   456 | D        | Noticed a shining eye
   468 | D        | Reached skill level 9 in Unarmed Combat
   487 | D        | Gained mutation: Your body sometimes deteriorates upon
                  | taking damage. [a shining eye]
   493 | D        | Gained mutation: You sometimes lose your temper in combat.
                  | [a shining eye]
   495 | D        | Gained mutation: Your magical capacity is low. (-10% MP) [a
                  | shining eye]
   497 | D        | Killed a shining eye
   497 | D        | Reached ***** piety under Wu Jian
   497 | D        | Arena points: 294 (+160) [x5]
   498 | D        | Reached XP level 8. HP: 89/89 MP: 6/6
   518 | D        | Round 5.
   519 | D        | Noticed a giant anaconda
   519 | D        | Noticed a mana viper
   520 | D        | Bought a book of the Earth for 252 gold pieces
   530 | D        | Killed a mana viper
   541 | D        | Killed a giant anaconda
   541 | D        | Identified the +1 robe "Wutwuev" {rPois Dex-5 SInv} (You
                  | found it in the Dungeon)
   541 | D        | Arena points: 539 (+245) [x7]
   542 | D        | Reached skill level 10 in Unarmed Combat
   542 | D        | Reached XP level 9. HP: 42/98 MP: 1/7
   544 | D        | Got a serpentine rune of Zot
   546 | D        | Reached XP level 10. HP: 49/107 MP: 1/13
   657 | D        | Bought a smoking robe for 199 gold pieces
   657 | D        | Identified the +0 robe of Restlessness {rC+} (You bought it
                  | in a shop in the Dungeon)
   754 | D        | Round 6.
   776 | D        | Reached skill level 5 in Earth Magic
   794 | D        | Noticed a sun demon
   812 | D        | Arena points: 827 (+288) [x8]
   827 | D        | Bought 3 potions of heal wounds for 105 gold pieces
   834 | D        | Bought a potion of mutation for 56 gold pieces
   834 | D        | Lost mutation: Your body sometimes deteriorates upon taking
                  | damage. [potion of mutation]
   834 | D        | Lost mutation: You sometimes lose your temper in combat.
                  | [potion of mutation]
   834 | D        | Gained mutation: Your mind is acute. (Int +4, Str/Dex -1)
                  | [potion of mutation]
   834 | D        | Gained mutation: You occasionally lose the ability to drink
                  | potions when taking damage. [potion of mutation]
   834 | D        | Gained mutation: You occasionally lose the ability to read
                  | scrolls when taking damage. [potion of mutation]
   834 | D        | Round 7.
   835 | D        | Bought a potion of mutation for 56 gold pieces
   835 | D        | Lost mutation: Your mind is acute. (Int +4, Str/Dex -1)
                  | [potion of mutation]
   835 | D        | Lost mutation: You occasionally lose the ability to drink
                  | potions when taking damage. [potion of mutation]
   835 | D        | Lost mutation: Your magical capacity is low. (-10% MP)
                  | [potion of mutation]
   835 | D        | Gained mutation: You expend magic power (3 MP) to
                  | strengthen your wands. [potion of mutation]
   835 | D        | Gained mutation: You sometimes lose your temper in combat.
                  | [potion of mutation]
   835 | D        | Gained mutation: Your muscles are strong. (Str +4, Int/Dex
                  | -1) [potion of mutation]
   866 | D        | Noticed a torpor snail
   871 | D        | Killed a torpor snail
   872 | D        | Reached skill level 10 in Shields
   873 | D        | Noticed a pharaoh ant
   879 | D        | Killed a pharaoh ant
   880 | D        | Reached skill level 5 in Transmutations
   898 | D        | Noticed a pharaoh ant
   904 | D        | Killed a pharaoh ant
   923 | D        | Noticed a radroach
   936 | D        | Killed a radroach
   937 | D        | Reached skill level 11 in Unarmed Combat
   937 | D        | Reached skill level 5 in Spellcasting
   943 | D        | HP: 7/160 [culicivora (14)]
   943 | D        | Mangled by a culicivora

Illustrated notes

Levels and vault maps discovered:
D:        arena_sprint

Skill      XL: |  1  2  3  4  5  6  7  8  9 10 |
---------------+-------------------------------+-----
Fighting       | 3 4 5 6 8 9 |  9.5
Dodging        | 3 4 5 6 8 9 |  9.4
Shields        | 4 5 6 7 9 10 | 10.3
Unarmed Combat | 4 5 6 7 9 10 11 | 11.0
Transmutations | 3 5 |  5.7
Earth Magic    | 4 6 |  6.8
Spellcasting   | 3 5 |  5.1

Action                     |  1- 3 |  4- 6 |  7- 9 | 10-12 || total
---------------------------+-------+-------+-------+-------++-------
  Melee: Unarmed           |     4 |    17 |    55 |    47 ||   123
 Invoke: Serpent's Lash    |       |       |     1 |     1 ||     2
Ability: Lunge             |       |       |     3 |     5 ||     8
         Whirlwind         |       |       |     2 |     3 ||     5
  Evoke: Wand              |       |       |     5 |       ||     5
    Use: Potion            |     2 |       |     7 |     7 ||    16
         Scroll            |       |       |     2 |       ||     2
   Stab: Distracted        |       |       |       |     1 ||     1
 Armour: Robe              |     2 |     2 |     5 |     6 ||    15
  Dodge: Dodged            |     8 |     3 |     7 |    17 ||    35
  Block: Kite shield       |     1 |     7 |    16 |    19 ||    43

Table legend: (Time is in decaauts)
 A = Elapsed time spent in this place.
 B = Non-inter-level travel time spent in this place.
 C = Inter-level travel time spent in this place.
 D = Time resting spent in this place.
 E = Time spent auto-exploring this place.
 F = Levels seen in this place.
 G = Mean time per level.
                   A        B        C        D        E       F      G
               +--------+--------+--------+--------+--------+-----+--------+
         Total |    931 |    931 |      0 |    341 |      0 |   1 |  931.0 |
       Dungeon |    931 |    931 |      0 |    341 |      0 |   1 |  931.0 |
               +--------+--------+--------+--------+--------+-----+--------+

Top non-repeatable levels by time:
       D: 931 daAuts
